Unix NetHack Version 5.0.0-0 post-release - last build May 31 2026 23:59:36 (970b52f25bf058293b47ddfd14a1e40e571c508c,branch:main).

Game began 2026-06-09 15:14:40, ended 2026-06-09 15:55:34.

BatBeefs, neutral female human Tourist

                                                                       .--
                                                                       )@.
                                                                       fG.

BatBeefs the Sightseer      St:16 Dx:11 Co:13 In:13 Wi:9 Ch:16  Neutral
Dlvl:3  $:200 HP:0(25) Pw:15(15) AC:1  Xp:4/99 T:3419  Burdened

Latest messages:
 The newt bites!
 You hit the newt.
 You kill the newt!
 Where do you want to travel to?
 (For instructions type a '?')
 You fall down the stairs.
 Fart Sucker misses the dwarf.
 The dwarf thrusts his broad short sword.
 The dwarf hits!
 Fart Sucker bites the dwarf.
 In what direction? b
 The dart hits the dwarf!
 Fart Sucker bites the dwarf.
 The dwarf thrusts his broad short sword at Fart Sucker.
 The dwarf misses Fart Sucker.
 Fart Sucker bites the dwarf.
 Fart Sucker drops a +2 dart.
 Fart Sucker bites the dwarf.
 The dwarf is killed!
 Fart Sucker grows up into a housecat.
 Fart Sucker eats a dwarf corpse.
 The dart misses Fart Sucker.
 A dart misses you.
 Pick a monster, object or location.
 In what direction? j
 The dart hits the gnome lord!
 The gnome lord misses!
 In what direction? j
 The dart hits the gnome lord.
 The gnome lord misses!
 The gnome lord misses!
 The dart misses the gnome lord.
 You are hit by a dart.
 The dart misses the gnome lord.
 You are almost hit by a dart.
 In what direction? j
 You kill the gnome lord!
 The gnome lord picks up 2 +2 darts.
 In what direction? j
 The dart misses the gnome lord.
 In what direction? j
 The dart hits the gnome lord!
 The gnome lord hits!
 The gnome lord hits!
 You die...
 Do you want your possessions identified? [ynq] (y) y
 Do you want to see your attributes? [ynq] (y) y
 Do you want an account of creatures vanquished? [ynaq] (y) y
 Do you want to see your conduct and achievements? [ynq] (y) y
 Do you want to see the dungeon overview? [ynq] (y) n

Inventory:
 Coins    ('$')
  $ - 200 gold pieces
 Weapons  (')')
  v - 15 +2 darts (at the ready)
  a - a cursed -1 elven dagger (weapon in right hand)
  K - a blessed +0 orcish dagger
  y - 2 +1 orcish daggers
  G - a +0 orcish dagger
 Armor    ('[')
  H - an uncursed +1 orcish helm (being worn)
  l - an uncursed +0 Hawaiian shirt with a parrot motif (being worn)
  A - an uncursed +0 plate mail (being worn)
 Comestibles  ('%')
  d - 4 uncursed food rations
  b - 4 uncursed tripe rations
 Scrolls  ('?')
  r - an uncursed scroll of identify
  k - a blessed scroll of magic mapping
  j - 3 uncursed scrolls of magic mapping
 Potions  ('!')
  i - an uncursed potion of extra healing
  p - 2 blessed potions of healing
  q - 3 cursed potions of healing
  o - an uncursed potion of object detection
 Rings    ('=')
  B - an uncursed ring of teleport control named tried
 Wands    ('/')
  x - a wand of cancellation (0:3)
 Tools    ('(')
  c - an uncursed credit card
  m - an expensive camera (0:97)

BatBeefs the Tourist's attributes:

Background:
 You were a Sightseer, a level 4 female human Tourist.
 You were neutral, nominally on a mission for The Lady
 who was opposed by Blind Io (lawful) and Offler (chaotic).
 You were right-handed.
 You were in the Gnomish Mines, on level 3.
 You entered the dungeon 3419 turns ago.
 You had 99 experience points, 61 more were needed to attain level 5.

Basics:
 You had 0 out of 25 hit points.
 You had all 15 energy points (spell power).
 Your armor class was 1.
 Your wallet contained 200 zorkmids.
 Autopickup was off.

Final Characteristics:
 Your strength was 16 (limit:18/100).
 Your dexterity was 11 (limit:18).
 Your constitution was 13 (limit:18).
 Your intelligence was 13 (limit:18).
 Your wisdom was 9 (limit:18).
 Your charisma was 16 (limit:18).

Final Status:
 You weren't hungry.
 You were burdened; movement was slightly slowed.
 You were wielding a dagger.
 You had basic skill with dagger.

Final Attributes:
 You were piously aligned.
 You were poison resistant.
 You were guarded.
 You are dead.

Miscellaneous:
 You didn't encounter any bones levels.
 Total elapsed playing time was 40 minutes and 52 seconds.

Major events:
 Turn
    1: BatBeefs the neutral female human Tourist entered the dungeon
 1594: attained the rank of Sightseer (level 3)
 3249: entered the Gnomish Mines
 3419: killed by a gnome lord

You didn't know any spells.

Skills:
 Fighting Skills
   bare handed combat [Unskilled]
   two weapon combat  [Unskilled]
   riding             [Unskilled]
 Weapon Skills
   dagger             [Basic]
   knife              [Unskilled]
   axe                [Unskilled]
   pick-axe           [Unskilled]
   short sword        [Unskilled]
   broadsword         [Unskilled]
   long sword         [Unskilled]
   two-handed sword   [Unskilled]
   saber              [Unskilled]
   mace               [Unskilled]
   morning star       [Unskilled]
   flail              [Unskilled]
   hammer             [Unskilled]
   quarterstaff       [Unskilled]
   polearms           [Unskilled]
   spear              [Unskilled]
   trident            [Unskilled]
   lance              [Unskilled]
   bow                [Unskilled]
   sling              [Unskilled]
   crossbow           [Unskilled]
   dart               [Basic]
   shuriken           [Unskilled]
   boomerang          [Unskilled]
   whip               [Unskilled]
   unicorn horn       [Unskilled]
 Spellcasting Skills
   divination spells  [Unskilled]
   enchantment spells [Unskilled]
   escape spells      [Unskilled]

Voluntary challenges:
 Character rerolling was not enabled.
 You were an atheist.
 You never genocided any monsters.
 You never polymorphed an object.
 You never changed form.
 You used no wishes.
Achievements:
 You attained the rank of Sightseer.
 You entered the Gnomish Mines.

 The Dungeons of Doom: levels 1 to 2
    Level 1:
    Level 2:
       Stairs down to The Gnomish Mines.
 The Gnomish Mines:
    Level 3: <- You were here.
       Final resting place for
          you, killed by a gnome lord.


Vanquished creatures:
  a shrieker
  a gnome leader
  a dwarf
  a gas spore
  a hobbit
  a large kobold
  2 giant rats
  2 gnomes
  a gecko
 10 jackals
  3 foxes
  2 kobolds
  4 goblins
  7 grid bugs
  4 lichens
  a kobold zombie
  5 newts
47 creatures vanquished.

No species were genocided or became extinct.

Game over:
                       ----------
                      /          \
                     /    REST    \
                    /      IN      \
                   /     PEACE      \
                  /                  \
                  |     BatBeefs     |
                  |      200 Au      |
                  |   killed by a    |
                  |    gnome lord    |
                  |                  |
                  |                  |
                  |       2026       |
                 *|     *  *  *      | *
        _________)/\\_//(\/(/\)/\//\/|_)_______

Aloha BatBeefs the Tourist...

You died in The Gnomish Mines on dungeon level 3 with 523 points,
and 200 pieces of gold, after 3419 moves.
You were level 4 with a maximum of 25 hit points when you died.

